 Dungeon Crawl Stone Soup version 0.28.0 (webtiles) character file.

Game seed: 16209124758180075728

323 hikkokomori the Covered (level 6, -1/56 HPs)
             Began as a Minotaur Fighter on Feb 6, 2022.
             Was a Follower of Dithmenos.
             Slain by an orc priest (6 damage)
             ... on level 4 of the Dungeon.
             The game lasted 00:04:03 (3327 turns).

hikkokomori the Covered (Minotaur Fighter)          Turns: 3327, Time: 00:04:03

Health: -1/56      AC: 13    Str: 20    XL:     6   Next: 23%
Magic:  5/5        EV:  5    Int:  5    God:    Dithmenos [*.....]
Gold:   156        SH:  5    Dex: 12    Spells: 5/5 levels left

rFire   . . .      SeeInvis .   a - +0 war axe
rCold   . . .      Faith    .   c - +0 buckler
rNeg    . . .      Spirit   .   q - +0 plate armour
rPois   .          Reflect  .   (helmet restricted)
rElec   .          Harm     .   (no cloak)
rCorr   .          Rampage  .   (no gloves)
Will    .....                   i - +0 pair of boots
Stlth   ..........              (no amulet)
HPRegen 0.18/turn               (no ring)
MPRegen 0.09/turn               (no ring)

@: mighty, wreathed by umbra
A: horns 2, retaliatory headbutt
a: Renounce Religion


You were on level 4 of the Dungeon.
You worshipped Dithmenos.
Dithmenos was aware of your devotion.
You visited 1 branch of the dungeon, and saw 4 of its levels.

You collected 156 gold pieces.

Inventory:

Hand Weapons
 a - a +0 war axe (weapon)
Missiles
 r - 5 curare-tipped darts (quivered)
Armour
 b - a +0 scale mail
 c - a +0 buckler (worn)
 i - a +0 pair of boots (worn)
 j - a +0 chain mail
 q - a +0 plate armour (worn)
Scrolls
 e - 7 scrolls of identify {unknown}
 h - a scroll of vulnerability {unknown}
 n - a scroll of immolation {unknown}
 o - a scroll of magic mapping {unknown}
 p - a scroll of noise {unknown}
Potions
 f - a potion of attraction {unknown}
 g - a potion of degeneration {unknown}
 k - 2 potions of berserk rage {unknown}
 l - a potion of mutation {unknown}
 m - a potion of invisibility {unknown}
 s - a potion of curing {unknown}


   Skills:
 + Level 5.2 Fighting
 + Level 4.5 Axes
 + Level 5.3 Armour
 + Level 5.2 Shields


You had 5 spell levels left.
You didn't know any spells.
Your spell library was empty.

Dungeon Overview and Level Annotations

Branches:
Dungeon (4/15)
 Temple: D:4-7

Altars:
Dithmenos
The Shining One

Shops:
D:3 (


Innate Abilities, Weirdness & Mutations

You have a pair of horns on your head.
You reflexively headbutt those who attack you in melee.


Message History

Unknown command.
You closely miss the orc wizard. You headbutt the orc wizard!
The orc wizard is almost dead.
The orc wizard casts a spell at you. The magic dart hits you.
* * * LOW HITPOINT WARNING * * *
The orc wizard points at you and mumbles some strange words.
You resist with some effort.
You slice the orc wizard!!
You kill the orc wizard!
Dithmenos accepts your kill.
You slice the orc!!
You kill the orc!
Dithmenos accepts your kill.
An orc priest comes into view. It is wielding a +0 morningstar.
The orc hits you but does no damage.
The orc priest shouts!
You slash the orc!
You kill the orc!
Dithmenos accepts your kill.
You are too injured to fight recklessly!
You are too injured to fight recklessly!
The orc priest begins to cast a cantrip, but forgets the words!
Things that are here:
a +0 giant spiked club; an ogre corpse The orc shouts!
You hit the orc priest.
The orc priest is moderately wounded.
The orc priest hits you but does no damage.
You barely miss the orc priest.
The orc priest is moderately wounded.
The orc priest hits you with a +0 morningstar!
* * * LOW HITPOINT WARNING * * *
The orc throws a boomerang.
The boomerang hits you.
* * * LOW HITPOINT WARNING * * *
Unknown command.
You barely miss the orc priest.
The orc priest is moderately wounded.
The orc priest hits you with a +0 morningstar.
You die...

### .# # ..# .#.# #.#
###o#.# #.# #.....#
##.## ########.....###
##...###.†)............
...#.....######).#####
##...##### ###.)# ##.##
#.))@# ##.... ..>...#o#
....... ####..#.#
##..#### #..#.. #..#
#..##.# #.o# #.. .# #..
.# . .# #


You could see an orc priest and an orc.

Vanquished Creatures
  An ogre (D:4)
  An orc priest (D:4)
  A centaur skeleton (D:4)
  3 orc wizards (D:4)
  A gnoll (D:2)
  3 adders
  A dart slug (D:4)
  4 orcs
  10 ball pythons
  8 endoplasms
  5 giant cockroaches
  2 goblins
  3 hobgoblins
  7 jackals
  3 quokkas
  6 bats
  3 frilled lizards (D:2)
  6 kobolds
  2 rats
70 creatures vanquished.

Vanquished Creatures (others)
  4 plants (D:3)
4 creatures vanquished.

Grand Total: 74 creatures vanquished

Notes
Turn   | Place    | Note
-------+----------+-------------------------------------------
     0 | D:1      | hikkokomori the Minotaur Fighter began the quest for the
                  | Orb.
     0 | D:1      | Reached XP level 1. HP: 19/19 MP: 0/0
   352 | D:1      | Reached XP level 2. HP: 27/27 MP: 1/1
  1146 | D:2      | Reached XP level 3. HP: 33/33 MP: 2/2
  2011 | D:3      | Reached XP level 4. HP: 36/40 MP: 3/3
  2094 | D:3      | Found Tuly's Antique Weapon Emporium.
  2134 | D:3      | Found a glowing golden altar of the Shining One.
  2375 | D:3      | Found a faded altar of an unknown god.
  2381 | D:3      | Prayed at the altar of an unknown god.
  2381 | D:3      | Became a worshipper of Dithmenos the Shadowed
  2381 | D:3      | Reached * piety under Dithmenos
  2912 | D:4      | HP: 2/41 [poisoned by a kobold]
  2920 | D:4      | HP: 2/41 [centaur skeleton (1)]
  3308 | D:4      | Noticed an ogre
  3314 | D:4      | Reached XP level 5. HP: 31/47 MP: 4/4
  3314 | D:4      | Killed an ogre
  3315 | D:4      | Reached skill level 5 in Fighting
  3315 | D:4      | Reached skill level 5 in Armour
  3315 | D:4      | Reached skill level 5 in Shields
  3317 | D:4      | Reached XP level 6. HP: 25/56 MP: 5/5
  3327 | D:4      | Slain by an orc priest

Illustrated notes

Levels and vault maps discovered:
D:1:      minmay_arrival_five_plusses, layout_basic
D:2:      minmay_door_path, layout_basic, minmay_vboxes
D:3:      layout_loops_ring, nicolae_tso_swordbearing_angel,
          shapermc_ecumenical_altar_mp_ritualfount, serial_shops, shop
D:4:      layout_loops_ring

Skill      XL: |  1  2  3  4  5 |
---------------+----------------+-----
Armour         | 4 5 |  5.3
Fighting       | 4 5 |  5.2
Shields        | 4 5 |  5.2
Axes           | 3 4 |  4.5

Action                   |  1- 3 |  4- 6 || total
-------------------------+-------+-------++-------
Melee: War axe           |    86 |    63 ||   149
       Headbutt          |    12 |     5 ||    17
  Use: Potion            |       |     1 ||     1
Armor: Scale mail        |     9 |       ||     9
       Chain mail        |    34 |     6 ||    40
       Plate armour      |       |    40 ||    40
Dodge: Dodged            |    29 |    19 ||    48
Block: Buckler           |    18 |    20 ||    38
